 Dungeon Crawl Stone Soup version 0.19.5 (webtiles) character file.

81 LORDOFBUTT the Shield-Bearer (level 4, -1/35 HPs)
             Began as a Formicid Fighter on Apr 7, 2017.
             Was an Initiate of Okawaru.
             Slain by Sigmund
             ... wielding a +0 scythe
              (5 damage)
             ... on level 3 of the Dungeon on Apr 20, 2017.
             The game lasted 00:03:13 (1805 turns).

LORDOFBUTT the Shield-Bearer (Formicid Fighter)     Turns: 1805, Time: 00:03:13

Health: -1/35      AC:  6    Str: 25    XL:     4   Next: 67%
Magic:  4/4        EV:  8    Int: 12    God:    Okawaru [......]
Gold:   152        SH: 10    Dex: 11    Spells: 0 memorised, 3 levels left

rFire  . . .     SeeInvis +     a - +0 war axe
rCold  . . .     Gourm    .     b - +0 scale mail
rNeg   . . .     Faith    .     c - +0 shield
rPois  .         Spirit   .     (helmet unavailable)
rElec  .         Reflect  .     (no cloak)
rCorr  .         Harm     .     (no gloves)
MR     .....                    (no boots)
Stlth  +.........               (no amulet)
                                g - ring of stealth
                                k - +4 ring of intelligence

@: mighty
A: permanent stasis, dig shafts and tunnels, four strong arms, antennae 3
a: Dig, Shaft Self, Renounce Religion


You were on level 3 of the Dungeon.
You worshipped Okawaru.
Okawaru was noncommittal.
You were not hungry.

You visited 1 branch of the dungeon, and saw 3 of its levels.

You collected 152 gold pieces.

Inventory:

Hand Weapons
 a - a +0 war axe (weapon)
Armour
 b - a +0 scale mail (worn)
 c - a +0 shield (worn)
Jewellery
 g - a ring of stealth (right hand)
 k - a +4 ring of intelligence (left hand)
Scrolls
 e - a scroll of teleportation {unknown}
 l - 2 scrolls of magic mapping {unknown}
 m - 3 scrolls of identify {unknown}
 r - 2 scrolls of amnesia {unknown}
Potions
 h - a potion of lignification {unknown}
 i - a potion of curing {unknown}
 n - a potion of heal wounds {unknown}
 q - 2 potions of haste {unknown}
 s - a potion of berserk rage {unknown}
Comestibles
 f - 3 bread rations
 j - 2 beef jerkies
 o - a slice of pizza
 p - 2 chunks of flesh


   Skills:
 - Level 3.2 Fighting
 * Level 3.2 Axes
 - Level 3.2 Armour
 * Level 5.2 Shields


You had 3 spell levels left.
You didn't know any spells.

Dungeon Overview and Level Annotations

Branches:
Dungeon (3/15)

Altars:
Okawaru

Annotations:
D:3 Sigmund


Innate Abilities, Weirdness & Mutations

You are under a permanent stasis effect.
You can dig through walls and to a lower floor.
Your four strong arms can wield two-handed weapons with a shield.
You have a pair of large antennae on your head. (SInv)


Message History

You resist with some effort. Sigmund hits you with a scythe!
* * * LOW HITPOINT WARNING * * *
You are too injured to fight recklessly!
You are too injured to fight recklessly!
You feel very mighty all of a sudden.
You hit Sigmund.
Sigmund is lightly wounded.
Sigmund barely misses you.
Your shield and scale mail prevent you from hitting Sigmund.
Sigmund is lightly wounded.
Sigmund hits you with a scythe.
* * * LOW HITPOINT WARNING * * *
Okay, then.
You completely miss Sigmund.
Sigmund is lightly wounded.
Sigmund closely misses you.
You miss Sigmund.
Sigmund is lightly wounded.
Sigmund hits you with a scythe.
You die...

#.#
#....#.#.#.
#.#
##.#.....#.
#.#
###.#..<###.
#.#
#...#...###.
#.#
#.(.........
#.#
#.###.†.....
#.# #####.#
#....##.
#.###......#
#.......
#.†:@@.#
##......
#..........#
#.#.###
#..."..#.###
#.#.#
##.##.## #
#.#.# #.# .#
#.. .. ##.
.## . ..


You could see Sigmund.

Vanquished Creatures
  3 adders
  2 worms (D:2)
  A dart slug (D:1)
  A leopard gecko (D:2)
  2 giant cockroaches
  7 goblins
  9 hobgoblins
  3 jackals (D:2)
  4 kobolds
  4 bats
  A frilled lizard (D:2)
  7 rats
44 creatures vanquished.

Notes
Turn   | Place    | Note
-------+----------+-------------------------------------------
     0 | D:1      | LORDOFBUTT the Formicid Fighter began the quest for the Orb.
     0 | D:1      | Reached XP level 1. HP: 18/18 MP: 1/1
   145 | D:1      | Reached XP level 2. HP: 20/24 MP: 2/2
   292 | D:1      | Reached skill level 4 in Shields
   628 | D:1      | Reached XP level 3. HP: 29/29 MP: 3/3
   863 | D:2      | Found an iron altar of Okawaru.
  1383 | D:2      | Reached XP level 4. HP: 35/35 MP: 4/4
  1451 | D:2      | Reached skill level 5 in Shields
  1670 | D:2      | Became a worshipper of Warmaster Okawaru
  1794 | D:3      | Noticed Sigmund
  1805 | D:3      | Slain by Sigmund

Skill      XL: |  1  2  3  4 |
---------------+-------------+-----
Shields        | 4 5 |  5.2
Axes           | 3 |  3.2
Fighting       | |  3.2
Armour         | |  3.2

Action                   |  1- 3 |  4- 6 || total
-------------------------+-------+-------++-------
Melee: War axe           |   130 |    37 ||   167
  Use: Potion            |       |     1 ||     1
  Eat: Chunk             |     2 |     1 ||     3
Armor: Scale mail        |    55 |    15 ||    70
Dodge: Dodged            |    56 |    16 ||    72
Block: Shield            |    78 |    12 ||    90
